 Dungeon Crawl Stone Soup version 0.22-a0-815-gb582571 (webtiles) character file.

1436 BaronVonScrub the Cutter (level 8, 0/60 HPs)
             Began as a Mummy Fighter on July 23, 2018.
             Was an Initiate of Gozag.
             Slain by Prince Ribbit the unseen horror (4 damage)
             ... on level 7 of the Dungeon.
             The game lasted 00:15:18 (8486 turns).

BaronVonScrub the Cutter (Mummy Fighter)            Turns: 8486, Time: 00:15:18

Health: 0/60       AC:  8    Str: 21    XL:     8   Next: 45%
Magic:  13/13      EV:  8    Int:  8    God:    Gozag
Gold:   460        SH:  9    Dex: 11    Spells: 12/13 levels left

rFire    x . .     SeeInvis .   a - +1 rapier
rCold    + . .     Gourm    .   c - +0 shield
rNeg     + + +     Faith    .   b - +0 scale mail
rPois    ∞         Spirit   .   (no helmet)
rElec    .         Reflect  .   (no cloak)
rCorr    .         Harm     .   h - +0 pair of gloves
MR       +....                  (no boots)
Stlth    ..........             (no amulet)
HPRegen  0.20/turn              (no ring)
MPRegen  0.13/turn              (no ring)

@: no status effects
A: no food or potions, fire vulnerability, cold resistance 1, negative energy
resistance 3, torment resistance, unbreathing
a: Potion Petition, Call Merchant, Bribe Branch, Renounce Religion


You were on level 7 of the Dungeon.
You worshipped Gozag.
Gozag was aware of your devotion.
You were not hungry.

You visited 2 branches of the dungeon, and saw 8 of its levels.

You collected 607 gold pieces.
You paid 147 gold pieces to Gozag.

Inventory:

Hand Weapons
 a - a +1 rapier (weapon)
Armour
 b - a +0 scale mail (worn)
 c - a +0 shield (worn)
 h - a +0 pair of gloves (worn)
Jewellery
 i - an uncursed ring of teleportation
Wands
 d - a wand of polymorph (8)
 f - a wand of flame (47)
Scrolls
 e - 4 scrolls of remove curse
 j - 2 scrolls of identify


   Skills:
 - Level 3.7 Fighting
 + Level 5.1 Short Blades
 + Level 4.5 Armour
 + Level 2.0 Dodging
 - Level 0.1 Stealth
 + Level 4.3 Shields
 * Level 3.3 Spellcasting
 * Level 3.0 Necromancy


You had 12 spell levels left.
You knew the following spells:

 Your Spells              Type           Power        Failure   Level  Hunger
a - Pain                  Necr           #...         67%         1    N/A

Your spell library contained the following spells:

 Spells                   Type           Power        Failure   Level  Hunger
 Confuse                  Hex            #.......     100%        3    N/A
 Animate Dead             Necr           N/A          100%        4    N/A
 Animate Skeleton         Necr           N/A          67%         1    N/A
 Vampiric Draining        Necr           #.........   96%         3    N/A
 Regeneration             Chrm/Necr      #.........   99%         3    N/A
 Tukima's Dance           Hex            #.......     100%        3    N/A
 Ensorcelled Hibernation  Hex/Ice        #.....       99%         2    N/A
 Corona                   Hex            #......      97%         1    N/A
 Dazzling Spray           Conj/Hex       #.....       100%        3    N/A

Dungeon Overview and Level Annotations

Branches:
Dungeon (7/15)             Temple (1/1) D:6

Altars:
Ashenzari
Gozag
Makhleb
Ru
Trog
Xom
The Shining One

Annotations:
D:7 Prince Ribbit


Innate Abilities, Weirdness & Mutations

You do not eat or drink.
Your flesh is vulnerable to fire.
You are immune to poison.
Your flesh is cold resistant. (rC+)
You are immune to negative energy. (rN+++)
You are immune to unholy pain and torment.
You can survive without breathing.


Message History

Something hits you! x2
* * * LOW HITPOINT WARNING * * *
Something hits you but does no damage. Something hits you.
* * * LOW HITPOINT WARNING * * *
Something hits you.
* * * LOW HITPOINT WARNING * * *
Something hits you.
* * * LOW HITPOINT WARNING * * *
Something hits you but does no damage. Something hits you.
* * * LOW HITPOINT WARNING * * *
You block something's attack. Something hits you but does no damage.
There is a stone staircase leading down here.
Something hits you.
* * * LOW HITPOINT WARNING * * *
Something hits you.
You die...
Your body crumbles into a pile of gold.

..........>...)###....).....#
.............#..#..#.##.....#
###.....####......(#.##.....#
#>....h...§##......########
#.....####.##....### #.....#
#.##....# #.....# #.####..#
##### #....... #.####..#
##...# #..#.##. #..@....#
####..... #..#. .
.######.#####........ .. ..
..............##.....
.#..#####.#######...# .. #.#
##### #.# #.# #.# ..#


There were no monsters in sight!

Vanquished Creatures
  A bullfrog (D:7)
  A scorpion (D:5)
  2 howler monkeys
  4 crimson imps
  7 hounds
  A bullfrog zombie (D:7)
  6 orc priests
  A jelly (D:7)
  A centaur skeleton (D:6)
  Terence (D:3)
  4 orc wizards
  6 worker ants
  A worker ant zombie (D:6)
  10 adders
  7 gnolls (D:4)
  2 adder skeletons (D:4)
  4 worms
  6 leopard geckos
  31 orcs
  3 giant cockroaches
  12 hobgoblins
  9 jackals
  5 quokkas
  A ball python (D:2)
  10 bats
  5 frilled lizards
  16 goblins
  A jackal skeleton (D:4)
  10 kobolds
  A leopard gecko skeleton (D:4)
  A quokka skeleton (D:5)
  8 rats
178 creatures vanquished.

Notes
Turn   | Place    | Note
-------+----------+-------------------------------------------
     0 | D:1      | BaronVonScrub the Mummy Fighter began the quest for the Orb.
     0 | D:1      | Reached XP level 1. HP: 18/18 MP: 1/1
   116 | D:1      | Found a shattered altar of Ashenzari.
   158 | D:1      | Reached XP level 2. HP: 24/24 MP: 2/2
   620 | D:2      | Reached XP level 3. HP: 21/29 MP: 3/3
   824 | D:2      | Reached skill level 2 in Short Blades
  1287 | D:2      | Reached XP level 4. HP: 33/35 MP: 4/4
  1743 | D:3      | HP: 1/35 [goblin/club (1)]
  2082 | D:3      | Reached XP level 5. HP: 19/41 MP: 5/5
  2788 | D:3      | Reached skill level 3 in Short Blades
  2788 | D:3      | Reached skill level 1 in Dodging
  3034 | D:3      | Noticed Terence
  3079 | D:3      | Killed Terence
  3277 | D:4      | Reached XP level 6. HP: 35/47 MP: 6/6
  4044 | D:4      | Found a bloodstained altar of Trog.
  4378 | D:4      | Learned a level 1 spell: Pain
  4624 | D:4      | Reached XP level 7. HP: 34/53 MP: 6/8
  4882 | D:5      | Entered Level 5 of the Dungeon
  5014 | D:5      | Found a burning altar of Makhleb.
  5018 | D:5      | Reached skill level 1 in Spellcasting
  5018 | D:5      | Reached skill level 1 in Necromancy
  5151 | D:5      | HP: 1/53 [something (2)]
  5548 | D:5      | Reached skill level 4 in Short Blades
  6058 | D:5      | Found a sacrificial altar of Ru.
  6933 | D:6      | Reached XP level 8. HP: 57/60 MP: 11/11
  8005 | D:6      | Found a staircase to the Ecumenical Temple.
  8014 | Temple   | Entered the Ecumenical Temple
  8021 | Temple   | Became a worshipper of Gozag Ym Sagoz the Greedy
  8295 | D:7      | Reached skill level 5 in Short Blades
  8437 | D:7      | Noticed Prince Ribbit
  8470 | D:7      | Prince Ribbit changed into something unseen
  8486 | D:7      | Slain by Prince Ribbit the unseen horror

Vault maps used:
D:1:      ebering_trefoil_3fold, ashenzari_altar_1
D:2:      cheibrodos_greedy_goblins, kennysheep_crisscross, minmay_hedge_maze
D:3:      minivault_14, minmay_cupped, uniq_terence
D:4:      first_ration, trog_three_pillars_becter
D:5:      kennysheep_mini, makhleb_blood_cavern_becter
D:6:      temple_hall, kennysheep_generic_room_13
D:7:      uniq_prince_ribbit1
Temple:   regret_index_temple_sigil_plot

Skill      XL: |  1  2  3  4  5  6  7  8 |
---------------+-------------------------+-----
Shields        | 3 4 |  4.3
Short Blades   | 2 3 4 5 |  5.1
Armour         | 3 4 |  4.5
Dodging        | 1 2 |  2.0
Spellcasting   | 2 3 |  3.3
Necromancy     | 2 3 |  3.0
Fighting       | |  3.7
Stealth        | |  0.1

Action                   |  1- 3 |  4- 6 |  7- 9 || total
-------------------------+-------+-------+-------++-------
Melee: Rapier            |   180 |   317 |   350 ||   847
Evoke: Wand              |       |       |     6 ||     6
  Use: Scroll            |     4 |     3 |     4 ||    11
Armor: Scale mail        |    91 |   124 |    95 ||   310
Dodge: Dodged            |    73 |    85 |   101 ||   259
Block: Shield            |    99 |   179 |   125 ||   403

Table legend:
 A = Spawn XP
 B = Non-spawn XP
 C = Spawn XP percentage of total XP
 D = Spawn monster count
 E = Non-spawn monster count
 F = Spawn count percentage of total count
 G = Total turns spent on level
                    A         B        C        D         E        F      G
               +---------+---------+-------+---------+---------+-------+---------
         Total |       0 |    2052 |   0.0 |       0 |     178 |   0.0 |  8486
               +---------+---------+-------+---------+---------+-------+---------
           D:1 |       0 |      17 |   0.0 |       0 |      12 |   0.0 |   372
           D:2 |       0 |      91 |   0.0 |       0 |      42 |   0.0 |  1320
           D:3 |       0 |     255 |   0.0 |       0 |      46 |   0.0 |  2014
           D:4 |       0 |     424 |   0.0 |       0 |      30 |   0.0 |  1833
           D:5 |       0 |     402 |   0.0 |       0 |      14 |   0.0 |  1510
           D:6 |       0 |     478 |   0.0 |       0 |      21 |   0.0 |  1002
           D:7 |       0 |     385 |   0.0 |       0 |      13 |   0.0 |   420
               +---------+---------+-------+---------+---------+-------+---------
